 Dungeon Crawl Stone Soup version 0.18.1-50-g88ac8fd (webtiles) character file.

25 ololoev the Skirmisher (level 2, -5/24 HPs)
             Began as a Demonspawn Berserker on Oct 28, 2016.
             Was a Follower of Trog.
             Slain by a centaur (7 damage)
             ... on level 5 of the Dungeon.
             The game lasted 00:01:45 (506 turns).

ololoev the Skirmisher (Demonspawn Berserker)        Turns: 506, Time: 00:01:46

Health: -5/24      AC:  5    Str: 17    XL:     2   Next: 82%
Magic:  2/2        EV: 11    Int:  8    God:    Trog [*.....]
Gold:   98         SH:  0    Dex: 12    Spells: 0 memorised, 1 level left

rFire  . . .     SeeInvis .     a - +0 hand axe
rCold  . . .     Gourm    .     i - +0 ring mail
rNeg   . . .     Faith    .     (no shield)
rPois  .         Spirit   .     (helmet restricted)
rElec  .         Dismiss  .     (no cloak)
rCorr  +         Reflect  .     (no gloves)
SustAt .         Harm     .     (no boots)
MR     .....     Rnd*Tele +     (no amulet)
Stlth  +.........               b - ring of teleportation (curse)
                                g - ring of resist corrosion

@: not resistant to hostile enchantments, very unstealthy
A: antennae 1
a: Berserk, Burn Spellbooks, Renounce Religion


Innate Abilities, Weirdness & Mutations

You have a pair of small antennae on your head.

Inventory:

Hand Weapons
 a - a +0 hand axe (weapon)
Armour
 i - a +0 ring mail (worn)
Jewellery
 b - a cursed ring of teleportation (right hand)
 g - a ring of resist corrosion (left hand)
Scrolls
 h - 2 scrolls of remove curse {unknown}
 j - a scroll of blinking {unknown}
 k - a scroll of noise {unknown}
 l - a scroll of enchant weapon {unknown}
 m - a scroll of teleportation {unknown}
Potions
 e - a potion of mutation {unknown}
 f - a potion of curing {unknown}
 n - a potion of haste {unknown}
Comestibles
 c - 3 bread rations


   Skills:
 + Level 3.3 Fighting
 * Level 3.2 Axes
 + Level 2.1 Armour
 - Level 1.7 Dodging


You had one spell level left.
You didn't know any spells.


You were on level 5 of the Dungeon.
You worshipped Trog.
Trog was aware of your devotion.
You were not hungry.

You visited 1 branch of the dungeon, and saw 5 of its levels.

You collected 98 gold pieces.

. #########.#
?........# +#
#........#
.....####.........
. ........c.......
...#.#####@####
...........(..#...
.......<...5.......
.##...............>
#...........####.
##..##+#....... #..
#.##.### #.. ..# .#
##. ... .#

Notes
Turn   | Place    | Note
--------------------------------------------------------------
     0 | D:1      | ololoev the Demonspawn Berserker began the quest for the Orb.
     0 | D:1      | Reached XP level 1. HP: 18/18 MP: 1/1
   161 | D:1      | Gained mutation: You have a pair of small antennae on your head. [demonic ancestry]
   161 | D:1      | Reached XP level 2. HP: 19/24 MP: 2/2
   485 | D:5      | Entered Level 5 of the Dungeon
   485 | D:5      | Noticed a crimson imp
   502 | D:5      | Noticed a centaur
   506 | D:5      | Slain by a centaur

Dungeon Overview and Level Annotations

Branches:
Dungeon (5/15)
 Temple: D:4-7

Altars:


Message History

You climb downwards.
There is a stone staircase leading up here.
Found a long sword.
Found a stone staircase leading down.
Found 9 bolts.
You now have 93 gold pieces (gained 17).
k - a scroll labeled JUSCHU NOADENAUC
(D) Dungeon
Where to? (Enter - D:3, ? - help)
There is a stone staircase leading down here.
You climb downwards.
Found a scroll labeled BOWYHA OFIMP and a scroll labeled ETOSAY KOITIRE.
There is a stone staircase leading up here.
l - a scroll labeled BOWYHA OFIMP
h - 2 scrolls labeled ETOSAY KOITIRE (gained 1)
Found an escape hatch in the ceiling.
You now have 98 gold pieces (gained 5).
Found a stone staircase leading down.
m - a scroll labeled DUIT OROTY
Found a long sword.
There is a stone staircase leading down here.
You climb downwards.
You hear the hiss of flowing sand.
There is an entrance to an ossuary on this level.
Hurry and find it before the portal is buried!
A crimson imp comes into view.
Found a green potion.
There is a stone staircase leading up here.
You closely miss the crimson imp. The crimson imp closely misses you.
You hit the crimson imp but do no damage.
The crimson imp hits you but does no damage.
You hit the crimson imp.
The crimson imp is lightly wounded.
The crimson imp barely misses you.
You closely miss the crimson imp.
The crimson imp shouts, "Away with thee, thou paunchy rump-fed vassal!"
The crimson imp closely misses you.
You hit the crimson imp but do no damage.
The crimson imp hits you.
You hit the crimson imp.
The crimson imp is lightly wounded.
The crimson imp hits you.
You closely miss the crimson imp. The crimson imp closely misses you.
You miss the crimson imp. The crimson imp closely misses you.
The crimson imp shouts, "Remove thy stench, thou ducking beetle-headed simpleton!"
The crimson imp blinks!
The crimson imp hits you.
Your ring mail prevents you from hitting the crimson imp.
The crimson imp blinks!
No target in view!
No target in view!
No target in view!
No target in view!
No target in view!
No target in view!
No target in view!
No target in view!
No target in view!
You see here a green potion.
n - a green potion The crimson imp blinks!
The crimson imp blinks!
Found a stone staircase leading down.
As you open the door, it creaks loudly!
A centaur comes into view.
The centaur shouts!
The centaur wields a shortbow.
The centaur shoots an arrow.
The arrow hits you!
Ouch! That really hurt!
Found a scroll labeled NAIQOAFRIT.
Unknown command.
You close the door.
The crimson imp hits you.
Drink which item? (? for menu, Esc to quit)
It was a potion of heal wounds.
You feel much better. The crimson imp closely misses you.
You open the door.
The centaur shoots an arrow.
The arrow hits you!
The centaur shoots an arrow.
The arrow hits you!
Ouch! That really hurt!
The crimson imp hits you.
The centaur unwields an uncursed shortbow.
The centaur hits you!
You die...

You could see a centaur and a crimson imp.

Vanquished Creatures
  An adder (D:2)
  2 giant geckos (D:1)
  A giant cockroach (D:3)
  A goblin (D:1)
  A hobgoblin (D:3)
  A quokka (D:3)
  A bat (D:1)
  2 giant newts
  2 kobolds
  4 rats
16 creatures vanquished.

Action                   || total
-------------------------++-------
Melee: Hand axe          ||    58
  Use: Potion            ||     1
Armor: Animal skin       ||     7
       Ring mail         ||     5
Dodge: Dodged            ||    44

Vault maps used:
D:1:      tarquinn_simple_flora_water_f
D:2:      lemuel_doored_altar, ecumenical_altar_1, uniq_iyjb, uniq_robin
D:3:      kennysheep_slug_shrine, nicolae_ru_great_annihilating_truth,
          first_bread
D:4:      vehumet_crystals, gammafunk_temple_overflow_elements,
          lemuel_crystal_altar, uniq_purgy, uniq_sigmund, uniq_duvessa
D:5:      nicolae_ossuary_entry_plus, due_unseen_surprise, uniq_grinder,
          uniq_eustachio, uniq_menkaure
